 Dungeon Crawl Stone Soup version 0.26.1-11-gd32895ea62 (webtiles) character file.

Game seed: 167299542978953531

16 DildoBatman the Conjurer (level 2, 0/19 HPs)
             Began as a Formicid Conjurer on May 13, 2021.
             Succumbed to an adder's poison
             ... on level 1 of the Dungeon.
             The game lasted 00:02:32 (859 turns).

DildoBatman the Conjurer (Formicid Conjurer)         Turns: 859, Time: 00:02:33

Health: 0/19       AC:  4    Str: 11    XL:     2   Next: 75%
Magic:  3/5        EV: 12    Int: 17    God:
Gold:   68         SH:  0    Dex:  7    Spells: 2/5 levels left

rFire    . . .     SeeInvis +   e - +0 short sword
rCold    . . .     Faith    .   (no shield)
rNeg     . . .     Spirit   .   a - +0 robe
rPois    .         Reflect  .   (helmet unavailable)
rElec    .         Harm     .   (no cloak)
rCorr    .         Rampage  .   (no gloves)
Will     .....                  (no boots)
Stlth    ++........             (no amulet)
HPRegen  0.06/turn              (no ring)
MPRegen  0.09/turn              (no ring)

@: lethally poisoned (0 -> -9)
A: permanent stasis, dig shafts and tunnels, four strong arms, antennae 3, slimy
green scales 1, clumsy 1
a: Dig, Shaft Self


You were on level 1 of the Dungeon.
You visited 1 branch of the dungeon, and saw 2 of its levels.

You collected 68 gold pieces.

Inventory:

Hand Weapons
 e - a +0 short sword (weapon)
 g - a +0 hunting sling
Missiles
 b - 40 stones
 c - 36 arrows
Armour
 a - a +0 robe (worn)
Scrolls
 d - a scroll of enchant armour {unknown}
 h - a scroll of identify {unknown}
 j - a scroll of teleportation {unknown}


   Skills:
 - Level 1.7 Dodging
 - Level 2.4 Stealth
 - Level 2.1 Spellcasting
 * Level 4.2 Conjurations


You had 2 spell levels left.
You knew the following spells:

 Your Spells              Type           Power        Failure   Level
a - Searing Ray           Conj           32%          4%          2
c - Magic Dart            Conj           64%          3%          1

Your spell library contained the following spells:

 Spells                   Type           Power        Failure   Level
 Dazzling Flash           Conj/Hex       18%          24%         3
 Fulminant Prism          Conj/Hex       4%           61%         4
 Iskenderun's Mystic Bla  Conj/Tloc      9%           61%         4


Dungeon Overview and Level Annotations

Branches:
Dungeon (2/15)

Altars:


Innate Abilities, Weirdness & Mutations

You cannot be hasted, slowed, berserked, paralysed or teleported.
You can dig through walls and to a lower floor.
Your four strong arms can wield two-handed weapons with a shield.
You have a pair of large antennae on your head. (SInv)
You are partially covered in slimy green scales. (AC +2)
You are clumsy. (Dex -2)


Message History

You feel sick.
There is a stone staircase leading down here.
You feel better. The adder barely misses you. The adder bites you.
You are poisoned.
The adder poisons you!
You feel sick. The adder barely misses you.
You feel sick. The adder bites you.
You feel sick. The adder bites you.
You are more poisoned.
The adder poisons you!
It was a potion of mutation.
You feel extremely strange.
You feel clumsy.
Slimy green scales grow over part of your body.
You die...

#≈#......###...#
#...##)#.....#..
#≈#............#
#..##[.##.######
#≈#.########...#
#.......#.# .≈..# ##..#
#..####...# .≈..#
#..###..# ##### .≈.##
#....#..# #≈##
########..#.#..##########
#≈#
#.........#.#...........#
###
#.#######.#@##.########.#
# #.# #.#S##....# #.# #
#.# #.#.#####.# ##.## #
####.### #.#.# #.#
#...### # #......# #.#.#
#.# #....#. #
#.##.#.#####.#.#
#.####....#.
###.##...........#
#...........
.......#.#####.###
#########.##
...........>...# #.#


You could see an adder.

Vanquished Creatures
  A dart slug (D:1)
  A giant cockroach (D:1)
  6 hobgoblins
  2 bats
  A kobold (D:1)
  2 rats (D:1)
13 creatures vanquished.

Notes
Turn   | Place    | Note
-------+----------+-------------------------------------------
     0 | D:1      | DildoBatman the Formicid Conjurer began the quest for the
                  | Orb.
     0 | D:1      | Reached XP level 1. HP: 13/13 MP: 3/3
   302 | D:1      | Reached XP level 2. HP: 19/19 MP: 1/5
   303 | D:1      | Reached skill level 4 in Conjurations
   306 | D:1      | Learned a level 2 spell: Searing Ray
   859 | D:1      | Gained mutation: You are clumsy. (Dex -2) [potion of
                  | mutation]
   859 | D:1      | Gained mutation: You are partially covered in slimy green
                  | scales. (AC +2) [potion of mutation]
   859 | D:1      | Succumbed to an adder's poison

Illustrated notes

Levels and vault maps discovered:
D:1:      onia_arrival_mini_maze, layout_loops_ring, grunt_decor_fettered,
          chequers_serial_rivers_micro_a, st_stairs_3, minmay_strange_pillars,
          minmay_tetromino_s4
D:2:      layout_rooms

Skill      XL: |  1  2 |
---------------+-------+-----
Conjurations   | 4 |  4.2
Dodging        | |  1.7
Stealth        | |  2.4
Spellcasting   | |  2.1

Action                   || total
-------------------------++-------
Melee: Short sword       ||     8
 Cast: Magic Dart        ||    17
       Searing Ray       ||     3
 Abil: Dig               ||     2
  Use: Potion            ||     3
 Stab: Sleeping          ||     2
Armor: Robe              ||    10
Dodge: Dodged            ||    13
